 Dungeon Crawl Stone Soup version 0.29-a0-251-g80730f7218 (webtiles) character file.

Game seed: 944655429777244033

4298 drugrobin the Covered (level 9, -3/79 HPs)
             Began as a Demigod Fighter on Mar 5, 2022.
             Slain by a hornet (13 damage)
             ... on level 8 of the Dungeon.
             The game lasted 00:18:43 (11001 turns).

drugrobin the Covered (Demigod Fighter)            Turns: 11001, Time: 00:18:44

Health: -3/79      AC:  8    Str: 29    XL:     9   Next: 86%
Magic:  11/11      EV: 10    Int: 10    God:
Gold:   509        SH:  6    Dex: 19    Spells: 8/8 levels left

rFire   . . .      SeeInvis .   d - +3 dagger (elec)
rCold   . . .      Faith    .   K - +0 buckler
rNeg    . . .      Spirit   .   M - +0 troll leather armour
rPois   +          Reflect  .   (no helmet)
rElec   .          Harm     .   (no cloak)
rCorr   .          Rampage  .   (no gloves)
Will    .....                   O - +2 pair of boots
Stlth   +.........              (no amulet)
HPRegen 1.03/turn               J - ring of poison resistance
MPRegen 0.12/turn               N - +6 ring of dexterity

@: lethally poisoned (-3 -> -3)
A: high MP 1, forlorn, divine attributes
a: no special abilities


You were on level 8 of the Dungeon.
You visited 1 branch of the dungeon, and saw 8 of its levels.
You also visited: Sewer.

You collected 509 gold pieces.

Inventory:

Hand Weapons
 a - a +0 hand axe of freezing
 b - a +0 war axe
 c - a +0 hunting sling
 d - a +3 dagger of electrocution (weapon)
Missiles
 v - 10 poisoned darts
 G - 4 javelins (quivered)
Armour
 y - a +2 leather armour of fire resistance
 K - a +0 buckler (worn)
 M - a +0 troll leather armour (worn)
 O - a +2 pair of boots (worn)
Jewellery
 k - a ring of ice
 u - a ring of protection from cold
 z - a ring of see invisible
 I - a ring of flight
 J - a ring of poison resistance (left hand)
 N - a +6 ring of dexterity (right hand)
 R - a ring of ice
Wands
 P - a wand of iceblast (3)
Scrolls
 e - 3 scrolls of teleportation {unknown}
 f - 8 scrolls of identify {unknown}
 g - 3 scrolls of amnesia {unknown}
 h - 3 scrolls of fear {unknown}
 l - 3 scrolls of noise {unknown}
 n - 2 scrolls of magic mapping {unknown}
 o - 2 scrolls of torment {unknown}
 q - a scroll of enchant armour {unknown}
 r - 2 scrolls of enchant weapon {unknown}
 x - a scroll of brand weapon {unknown}
 B - 2 scrolls of vulnerability {unknown}
 E - a scroll of immolation {unknown}
 F - a scroll of summoning {unknown}
 H - a scroll of blinking {unknown}
 L - a scroll of silence {unknown}
Potions
 i - a potion of attraction
 j - 2 potions of brilliance {unknown}
 m - a potion of cancellation {unknown}
 p - a potion of resistance {unknown}
 s - a potion of magic {unknown}
 t - a potion of haste
 w - 4 potions of curing {unknown}
 A - 2 potions of might
 C - a potion of invisibility {unknown}
 D - a potion of flight {unknown}
 Q - a potion of berserk rage {unknown}


   Skills:
 + Level 7.3 Fighting
 + Level 6.9 Axes
 + Level 7.3 Armour
 + Level 7.3 Shields


You had 8 spell levels left.
You didn't know any spells.
Your spell library contained the following spells:

 Spells                   Type           Power      Damage    Failure   Level
 Static Discharge         Conj/Air       0%         N/A       61%         2
 Conjure Flame            Conj/Fire      0%         6-21      83%         3
 Ignite Poison            Fire/Tmut/Pois 0%         N/A       83%         3
 Portal Projectile        Hex/Tloc       0%         N/A       83%         3
 Sticky Flame             Conj/Fire      0%         2d3       99%         4
 Blade Hands              Tmut           0%         N/A       100%        5
 Excruciating Wounds      Necr           0%         N/A       100%        5
 Lightning Bolt           Conj/Air       0%         1d11      100%        5
 Maxwell's Capacitive Co  Air            0%         ∞         100%        8


Dungeon Overview and Level Annotations

Branches:
Dungeon (8/15)             Temple (0/1) D:4           Sewer (visited)
   Lair: D:8-11

Shops:
D:3 [   D:8 :

Annotations:
D:4 Sigmund
D:6 4 runed translucent doors
D:7 4 runed translucent doors


Innate Abilities, Weirdness & Mutations

You have an increased reservoir of magic. (+10% MP)
You shall have no god before yourself.
Your divine heritage dramatically boosts your attributes as you level up.


Message History

The hornet stings you but does no damage.
You closely miss the hornet.
The hornet is almost dead.
The hornet stings you!
You are poisoned.
The hornet stings you!
* * * LOW HITPOINT WARNING * * *
You are more poisoned.
You feel yourself slow down.
Unknown command.
You completely miss the hornet.
The hornet is almost dead.
You feel very sick. The hornet stings you.
* * * LOW HITPOINT WARNING * * *
The hornet barely misses you.
Unknown command.
Unknown command.
Unknown command.
You closely miss the hornet.
The hornet is almost dead.
You feel very sick.
The hornet stings you but does no damage.
The hornet closely misses you.
Unknown command.
Unknown command.
Unknown command.
You hit the hornet but do no damage.
The hornet is almost dead.
You feel yourself speed up.
You feel very sick. You block the hornet's attack. x3
Unknown command.
Unknown command.
Unknown command.
Unknown command.
You miss the hornet.
The hornet is almost dead.
You feel sick. The hornet stings you!
You die...

#.#.#. ## #.#...
...##.##.# ...##.##.#
...##.##.# ....#.##.#
....#)...#
.........###########.##
.......#........@y)...#
#).....#############....
..###..# . )## #..# .#
#..## .# #...# .# ##..#
.# #..# .#####..######.


You could see a hornet.

Vanquished Creatures
  A troll (D:6)
  A hornet (D:6)
  Eustachio (D:3)
  4 yaks
  2 steam dragons (D:7)
  Duvessa (D:4)
  A water moccasin (D:4)
  2 sky beasts (D:6)
  2 ogres
  A centaur (D:8)
  A phantom (D:3)
  A kobold brigand (D:8)
  7 bullfrogs
  6 scorpions
  4 wights (D:8)
  Dowan (D:4)
  3 jellies
  2 howler monkeys
  4 hounds
  4 orc priests
  4 iguanas
  7 orc wizards
  Robin (D:4)
  8 gnolls
  9 adders
  8 river rats (Sewer)
  3 white imps
  An ufetubus (D:6)
  A worm (D:3)
  A dart slug (D:2)
  17 orcs
  16 ball pythons
  6 bats
  4 endoplasms
  5 giant cockroaches
  12 goblins
  12 hobgoblins
  6 jackals
  3 quokkas
  2 frilled lizards
  11 kobolds
  32 rats
218 creatures vanquished.

Notes
Turn   | Place    | Note
-------+----------+-------------------------------------------
     0 | D:1      | drugrobin the Demigod Fighter began the quest for the Orb.
     0 | D:1      | Reached XP level 1. HP: 18/18 MP: 3/3
   309 | D:1      | Reached XP level 2. HP: 25/25 MP: 4/4
   763 | D:2      | Reached XP level 3. HP: 15/31 MP: 5/5
  1464 | D:3      | Found Lolak's Antique Armour Boutique.
  1506 | D:3      | Found a glowing drain.
  1510 | Sewer    | Entered a sewer
  1859 | Sewer    | Reached XP level 4. HP: 27/38 MP: 6/6
  2477 | Sewer    | Noticed a bullfrog
  2477 | Sewer    | Noticed a bullfrog
  2483 | Sewer    | Reached XP level 5. HP: 45/45 MP: 7/7
  3049 | D:3      | Reached XP level 6. HP: 52/52 MP: 8/8
  3790 | D:4      | Noticed Dowan
  3791 | D:4      | Noticed Duvessa
  4086 | D:4      | Noticed Eustachio
  4236 | D:3      | Killed Eustachio
  4237 | D:3      | Reached XP level 7. HP: 9/60 MP: 9/9
  4546 | D:4      | Killed Duvessa
  4729 | D:4      | Killed Dowan
  4992 | D:4      | Noticed a yak
  5007 | D:4      | Reached skill level 5 in Fighting
  5007 | D:4      | Reached skill level 5 in Armour
  5007 | D:4      | Reached skill level 5 in Shields
  5018 | D:4      | HP: 3/61 [poisoned by a scorpion]
  5479 | D:4      | Reached XP level 8. HP: 27/68 MP: 10/10
  5677 | D:4      | Noticed Robin
  5683 | D:4      | Killed Robin
  6154 | D:4      | Found a staircase to the Ecumenical Temple.
  6168 | D:4      | Reached skill level 5 in Axes
  6535 | D:4      | Noticed Sigmund
  6576 | D:5      | Entered Level 5 of the Dungeon
  8341 | D:6      | Found a large runed translucent door.
  8344 | D:6      | Found a large runed translucent door.
  8345 | D:6      | Noticed a cyclops
  8620 | D:6      | Found a large runed translucent door.
  8620 | D:6      | Found a large runed translucent door.
  9060 | D:6      | Noticed a troll
  9070 | D:6      | Killed a troll
  9071 | D:6      | Reached XP level 9. HP: 26/77 MP: 11/11
 10576 | D:7      | Found a huge runed translucent gate.
 10576 | D:7      | Found a huge runed translucent gate.
 10577 | D:7      | Found a huge runed translucent gate.
 10587 | D:7      | Found a huge runed translucent gate.
 10587 | D:7      | Noticed a manticore
 10847 | D:8      | Found Faoqoav's Book Shop.
 11001 | D:8      | Slain by a hornet

Illustrated notes

Levels and vault maps discovered:
D:1:      scummos_arrival_star, layout_basic,
          hellmonk_ecumenical_altar_prayer_group
D:2:      layout_rooms, minmay_misc_feat_secret_circle,
          nicolae_elevator_lobby_plus
D:3:      layout_loops_corners, serial_shops, shop, gup_sewer_entry_bowl,
          cheibrodos_gnoll_hut
D:4:      layout_basic, minmay_temple_entry_trees, minmay_misc_feat_doors,
          minmay_joined_circles, uniq_duvessa, uniq_robin, uniq_sigmund,
          uniq_eustachio
D:5:      layout_loops_ring, bh_walls_and_bars
D:6:      layout_gridville, minmay_hollow_rounded_squares
D:7:      lemuel_bear_cage, layout_rooms, minitemple
D:8:      layout_rooms, serial_shops, shop, ebering_dispersal_statue_hall

Skill      XL: |  1  2  3  4  5  6  7  8  9 |
---------------+----------------------------+-----
Axes           | 2 3 4 5 6 |  6.9
Shields        | 3 4 5 6 7 |  7.3
Fighting       | 3 4 5 6 7 |  7.3
Armour         | 3 4 5 6 7 |  7.3

Action                   |  1- 3 |  4- 6 |  7- 9 || total
-------------------------+-------+-------+-------++-------
Melee: War axe           |   111 |   160 |   277 ||   548
       Hand axe          |       |       |   139 ||   139
       Dagger            |       |       |    18 ||    18
 Fire: Hunting sling     |     6 |       |    21 ||    27
Throw: Dart              |       |     3 |     6 ||     9
       Javelin           |       |       |     1 ||     1
Evoke: Wand              |       |     1 |     6 ||     7
  Use: Potion            |     3 |     1 |     3 ||     7
Armor: Scale mail        |    44 |    79 |       ||   123
       Skin              |    13 |       |    28 ||    41
       Leather armour    |       |       |    62 ||    62
       Troll leather arm |       |       |    49 ||    49
Dodge: Dodged            |    48 |    97 |   204 ||   349
Block: Buckler           |    26 |    58 |   114 ||   198

Table legend: (Time is in decaauts)
 A = Elapsed time spent in this place.
 B = Non-inter-level travel time spent in this place.
 C = Inter-level travel time spent in this place.
 D = Time resting spent in this place.
 E = Time spent auto-exploring this place.
 F = Levels seen in this place.
 G = Mean time per level.
                   A        B        C        D        E       F      G
               +--------+--------+--------+--------+--------+-----+--------+
         Total |  11282 |  10998 |    284 |   3900 |   4636 |   9 | 1253.6 |
       Dungeon |   9861 |   9577 |    284 |   3123 |   4390 |   8 | 1232.6 |
         Sewer |   1420 |   1420 |      0 |    777 |    246 |   1 | 1420.0 |
               +--------+--------+--------+--------+--------+-----+--------+

Top non-repeatable levels by time:
     D:3: 2352 daAuts
     D:4: 2146 daAuts
     D:6: 1936 daAuts
   Sewer: 1420 daAuts
     D:5: 1195 daAuts
     D:1: 860 daAuts
     D:2: 615 daAuts
     D:7: 590 daAuts
     D:8: 163 daAuts
